 Dungeon Crawl Stone Soup version 0.31-a0-237-g2d982f9f85 (webtiles) character file.

Game seed: 15835969313154480114

48 qw the Shooter (level 3, 0/29 HPs)
             Began as a Minotaur Hexslinger on July 11, 2023.
             Slain by Sigmund
             ... wielding a +0 scythe
              (10 damage)
             ... on level 2 of the Dungeon.
             The game lasted 00:00:20 (743 turns).

qw the Shooter (Minotaur Hexslinger)                 Turns: 743, Time: 00:00:20

Health: 0/29       AC:  0    Str: 12    XL:     3   Next: 50%
Magic:  3/3        EV: 14    Int: 10    God:
Gold:   84         SH:  0    Dex: 14    Spells: 3/4 levels left

rFire   . . .        Y - melded +2 sling (elec)
rCold   . . .        (shield currently unavailable)
rNeg    . . .        c - melded +0 robe
rPois   .            (helmet currently unavailable)
rElec   .            (cloak currently unavailable)
rCorr   .            (gloves currently unavailable)
SInv    .            (boots currently unavailable)
Will    .....        (no amulet)
Stlth   +            (ring currently unavailable)
HPRegen 0.24/turn    (ring currently unavailable)
MPRegen 0.08/turn

%: no passive effects
@: pig-form, very quick
A: fast, no casting, small, (horns 2), (retaliatory headbutt)
a: no special abilities


You were on level 2 of the Dungeon.
You were a filthy swine.
You visited 1 branch of the dungeon, and saw 2 of its levels.

You collected 84 gold pieces.


Innate Abilities, Weirdness & Mutations

You are a filthy swine.
You move quickly.
Your equipment is almost entirely melded.
You are incapable of wielding weapons or throwing items.
You cannot cast spells.
((You have a pair of horns on your head.))
((You reflexively headbutt those who attack you in melee.))


   Skills:
 - Level 2.0 Fighting
 + Level 4.0 Ranged Weapons
 - Level 2.1 Dodging
 - Level 1.0 Spellcasting
 - Level 2.0 Hexes


You had 3 spell levels left.
You knew the following spells:

 Your Spells              Type           Power      Damage    Failure   Level
a - Slow                  Hex            16%        N/A       16%         1

Your spell library contained the following spells:

 Spells                   Type           Power      Damage    Failure   Level
 Inner Flame              Hex/Fire       2%         N/A       56%         3
 Portal Projectile        Hex/Tloc       4%         N/A       56%         3
 Cause Fear               Hex            2%         N/A       83%         4

Inventory:

Hand Weapons
 Y - a +2 sling of electrocution (melded)
Armour
 a - a +0 pair of boots
 c - a +0 robe (melded)
Scrolls
 d - a scroll of immolation {unknown}
Potions
 b - a potion of magic {unknown}
 f - a potion of heal wounds

Dungeon Overview and Level Annotations

Branches:
Dungeon (2/15)

Altars:

Annotations:
D:2 Sigmund


Message History

You see here a bat corpse.
d - a scroll labelled NED MEXYOMNIPUNIWI
Enter note:
Enter note: Sigmund and a giant cockroach come into view.
Sigmund is wielding a +0 scythe and carrying a wand of polymorph (15).
Enter note:
Enter note: You shoot a sling bullet.
The sling bullet hits Sigmund but does no damage.
Lightning courses through Sigmund!!
Sigmund shouts!
Sigmund is severely wounded.
Sigmund's eyes start glowing with a red light.
Sigmund gestures at you while chanting. The magic dart hits you!
Sigmund drinks a potion.
Sigmund is healed!
You shoot a sling bullet.
The sling bullet hits the giant cockroach but does no damage.
Lightning courses through the giant cockroach!!
You kill the giant cockroach!
Sigmund gestures wildly while chanting.
Sigmund flickers and vanishes!
Deactivating autopickup; reactivate with Ctrl-A.
You shoot a sling bullet. You shoot a sling bullet. Something hits you.
You shoot a sling bullet.
You hear a zap.
You turn into a filthy swine.
Your +2 sling of electrocution melds into your body.
Your +0 robe melds into your body.
Your +2 sling of electrocution stops crackling.
You start resting.
Something barely misses you.
You hear some strange, mumbled words.
A puff of flame appears from out of thin air!
The puff of flame hits you!
There is a strange disturbance nearby!
Something hits you!
You die...

### ###
#######.#######.#
........#...%.#.###
##########.#.###.#....
#..............#.#.###
#.#..#####.#.#.#.#.#
#....h.....#.#.#.#.##
##.#%#######.#.#.#..##
!.{ #.#.#.....| #.#.
#.#....#.## .....
#.#...##.# ### #.
#.#...##.# ..
###.#.#.##.# ##
.....#.##.# #.#.#.##.#


There were no monsters in sight!

Vanquished Creatures
  An adder (D:2)
  5 endoplasms
  3 giant cockroaches
  2 goblins (D:1)
  4 hobgoblins
  5 kobolds
  2 quokkas
  4 ball pythons
  3 bats
  A frilled lizard (D:1)
  4 rats
34 creatures vanquished.

Notes
Turn   | Place    | Note
-------+----------+-------------------------------------------
     0 | D:1      | qw the Minotaur Hexslinger began the quest for the Orb.
     0 | D:1      | Reached XP level 1. HP: 16/16 MP: 1/1
     0 | D:1      | 0 ||| qw: Version: 0.3-a-52-g30416fa
     0 | D:1      | 0 ||| qw: Game counter: 5561
     0 | D:1      | 0 ||| qw: Melee chars always use a shield: true
     0 | D:1      | 0 ||| qw: God list: Okawaru
     0 | D:1      | 0 ||| qw: Allow faded altars: false
     0 | D:1      | 0 ||| qw: Do Orc after clearing Dungeon:15 true
     0 | D:1      | 0 ||| qw: Do second Lair branch before Depths: true
     0 | D:1      | 0 ||| qw: Lair rune preference: random
     0 | D:1      | 0 ||| qw: Goals: Normal
     0 | D:1      | 0 ||| PLANNING D:1-11
   109 | D:1      | Reached skill level 3 in Ranged Weapons
   113 | D:1      | Reached XP level 2. HP: 22/23 MP: 2/2
   181 | D:1      | Found a faded altar of an unknown god.
   416 | D:1      | 416 ||| READING scroll labelled ARGHUR SAQI.
   417 | D:1      | 417 ||| READING scroll labelled KUACYA LICWOKHEIR.
   418 | D:1      | 418 ||| READING scroll labelled LOESTOSOINN.
   419 | D:1      | 419 ||| DRINKING 2 murky dark potions.
   420 | D:1      | 420 ||| DROPPING scroll of poison.
   444 | D:2      | Reached XP level 3. HP: 29/29 MP: 3/3
   589 | D:2      | Reached skill level 4 in Ranged Weapons
   734 | D:2      | Noticed Sigmund
   743 | D:2      | Slain by Sigmund

Levels and vault maps discovered:
D:1:      dpeg_arrival_leaves_temple_mockup, layout_rooms,
          hellmonk_ecumenical_altar_run_dry
D:2:      layout_basic, basic_altar, serial_shops,
          nicolae_shop_bloodbath_and_beyond, minmay_misc_feat_columns,
          uniq_natasha, uniq_sigmund

Skill      XL: |  1  2  3 |
---------------+----------+-----
Ranged Weapons | 3 4 |  4.0
Fighting       | 2 |  2.0
Dodging        | |  2.1
Spellcasting   | |  1.0
Hexes          | |  2.0

Action                     || total
---------------------------++-------
   Fire: Sling             ||    80
    Use: Scroll            ||     3
         Potion            ||     1
 Armour: Robe              ||     8
  Dodge: Dodged            ||    21

Table legend:
 A = Non-vault XP
 B = Vault XP
 C = Vault XP percentage of total XP
 D = Non-vault monster count
 E = Vault monster count
 F = Vault count percentage of total count
                 A         B        C        D         E       F
            +---------+---------+-------+---------+---------+-------
      Total |      69 |       0 |   0.0 |      34 |       0 |   0.0
            +---------+---------+-------+---------+---------+-------
        D:1 |      36 |       0 |   0.0 |      21 |       0 |   0.0
        D:2 |      33 |       0 |   0.0 |      13 |       0 |   0.0
            +---------+---------+-------+---------+---------+-------
